 Dungeon Crawl Stone Soup version 0.26-a0-8-gc4d20be (webtiles) character file.

Game seed: 8855324053825382064, levelgen mode: deterministic

1152 thirtiethelement the Slasher (level 8, -1/62 HPs)
             Began as a Demonspawn Abyssal Knight on May 24, 2020.
             Was an Initiate of Okawaru.
             Slain by a large abomination (23 damage)
             ... created by the touch of Lugonu
             ... on level 6 of the Dungeon.
             The game lasted 00:26:47 (5103 turns).

thirtiethelement the Slasher (DsAK)                 Turns: 5103, Time: 00:26:47

Health: -1/62      AC:  9    Str: 15    XL:     8   Next: 16%
Magic:  3/3        EV: 13    Int: 14    God:    Okawaru [......]
Gold:   293        SH:  0    Dex: 12    Spells: 6/9 levels left

rFire    . . .     SeeInvis .   u - +8 war axe "Pyasuz" {antimagic, Fragile rC+ rN+ MR+}
rCold    + . .     Gourm    .   (no shield)
rNeg     + . .     Faith    .   b - +2 leather armour
rPois    .         Spirit   .   f - +0 helmet
rElec    .         Reflect  .   (no cloak)
rCorr    +         Harm     .   (no gloves)
MR       +....     Rnd*Rage +   (boots unavailable)
Stlth    ++........             (no amulet)
HPRegen  0.20/turn              d - +4 ring of protection
MPRegen  0.08/turn              o - ring of resist corrosion

@: no status effects
A: hooves 3, [berserk 2], [deformed body], nightstalker 1, spiny 2
a: Renounce Religion


You were on level 6 of the Dungeon.
You worshipped Okawaru.
Okawaru was noncommittal.
You were not hungry.

You visited 2 branches of the dungeon, and saw 7 of its levels.
You visited the Abyss 1 time.

You collected 293 gold pieces.

Inventory:

Hand Weapons
 a - a +1 falchion
 u - the +8 war axe "Pyasuz" (weapon) {antimagic, Fragile rC+ rN+ MR+}
   (You found it on level 5 of the Dungeon)

   It reduces the magical energy of the wielder, and disrupts the spells and
   magical abilities of those hit.
   Natural abilities and divine invocations are not affected.
   It protects you from cold.
   It protects you from negative energy.
   It affects your resistance to hostile enchantments.
   It will be destroyed if unequipped.
 v - the +11 rapier of the Cup {venom, rPois rC+ rN+, unknown}
   (You found it on level 5 of the Dungeon)

   It poisons the flesh of those it strikes.
   It protects you from cold.
   It protects you from poison.
   It protects you from negative energy.
Missiles
 n - 11 poisoned darts (quivered)
 r - 3 boomerangs
Armour
 b - a +2 leather armour (worn)
 f - a +0 helmet (worn)
 p - a +0 ring mail
Magical Staves
 w - an uncursed staff of poison {unknown}
Jewellery
 d - a +4 ring of protection (left hand)
 o - a ring of resist corrosion (right hand)
Wands
 q - a wand of flame (23)
Scrolls
 i - 3 scrolls of fog
 m - a scroll of teleportation
 s - a scroll of magic mapping
 t - a scroll of remove curse
Potions
 e - a potion of curing
 g - a potion of flight {unknown}
 h - a potion of heal wounds {unknown}
 j - 2 potions of magic
 k - 2 potions of ambrosia
 l - a potion of haste {unknown}
Comestibles
 c - 7 rations


   Skills:
 + Level 5.0 Fighting
 - Level 5.7 Long Blades
 * Level 1.1 Axes
 + Level 3.3 Armour
 + Level 3.3 Dodging
 + Level 2.4 Stealth
 + Level 1.2 Spellcasting
 + Level 1.2 Conjurations
 + Level 3.0 Invocations


You had 6 spell levels left.
You knew the following spells:

 Your Spells              Type           Power        Failure   Level  Hunger
a - Magic Dart            Conj           #...         19%         1    ##.....
b - Searing Ray           Conj           #.....       28%         2    ###....

Your spell library contained the following spells:

 Spells                   Type           Power        Failure   Level  Hunger
 Beastly Appendage        Tmut           #.....       32%         1    ##.....
 Sticks to Snakes         Tmut           #.......     43%         2    ###....
 Dazzling Flash           Conj/Hex       #.....       58%         3    ####...
 Spider Form              Tmut/Pois      #.........   67%         3    ####...
 Fulminant Prism          Conj/Hex       #.........   94%         4    #####..
 Iskenderun's Mystic Bla  Conj/Tloc      #.......     94%         4    #####..
 Ice Form                 Ice/Tmut       #.......     97%         4    #####..
 Blade Hands              Tmut           #.........   100%        5    ######.


Dungeon Overview and Level Annotations

Branches:
Dungeon (6/15)             Temple (1/1) D:4

Altars:
Ashenzari
Cheibriados
Dithmenos
Elyvilon
Fedhas
Hepliaklqana
Nemelex Xobeh
Okawaru
Qazlal
Ru
Sif Muna
Trog
Uskayaw
Xom
Yredelemnul
Zin
The Shining One


Innate Abilities, Weirdness & Mutations

You have hooves in place of feet.
You are slightly more attuned to the shadows.
You are mostly covered in sharp spines.
[You often lose your temper in combat.]
[Armour fits poorly on your strangely shaped body.]


Message History

You hit the small abomination.
You destroy the small abomination!
That felt strangely unrewarding.
You hit the large abomination. The large abomination hits you!
* * * LOW HITPOINT WARNING * * *
You are confused.
You feel invigorated. The large abomination hits you!
* * * LOW HITPOINT WARNING * * *
Found a dagger.
You closely miss the large abomination. Your kick misses the large abomination.
The large abomination is lightly damaged.
You feel less invigorated.
You feel less confused.
The large abomination is struck by your spines.
The large abomination barely misses you.
You slash the large abomination!
The large abomination is moderately damaged.
The large abomination hits you!!
You die...

. .#######
......
##....####
#.......)
#.....#
#..@..####
#.X.......
#.###.###.
... .#
#### #


You could see a large abomination.

Vanquished Creatures
  A wretched star (D:5)
  Grinder (D:3)
  Edmund (D:5)
  3 small abominations
  A sky beast (D:5)
  An ice beast (D:5)
  A scorpion (D:4)
  4 crimson imps
  4 orc wizards
  3 worker ants
  Robin (D:3)
  2 hound skeletons (D:5)
  6 gnolls
  4 adders
  2 shadow imps (D:5)
  An ooze (D:1)
  An adder skeleton (D:4)
  2 worms
  A dart slug (D:3)
  A leopard gecko (D:5)
  14 orcs
  6 giant cockroaches
  8 hobgoblins
  8 jackals
  A quokka (D:4)
  5 ball pythons
  11 bats
  7 frilled lizards
  18 goblins
  7 kobolds
  A quokka skeleton (D:5)
  12 rats
139 creatures vanquished.

Vanquished Creatures (others)
  2 starspawn tentacles (Abyss:1)
2 creatures vanquished.

Grand Total: 141 creatures vanquished

Notes
Turn   | Place    | Note
-------+----------+-------------------------------------------
     0 | Abyss:1  | thirtiethelement the Demonspawn Abyssal Knight began the
                  | quest for the Orb.
     0 | Abyss:1  | Reached XP level 1. HP: 18/18 MP: 2/2
    69 | Abyss:1  | Noticed a tentacled starspawn
    75 | D:1      | Escaped the Abyss
   140 | D:1      | Reached * piety under Lugonu
   179 | D:1      | Reached skill level 1 in Dodging
   200 | D:1      | Gained mutation: You are partially covered in sharp spines.
                  | [demonic ancestry]
   200 | D:1      | Reached XP level 2. HP: 13/24 MP: 4/4
   614 | D:1      | Gained mutation: You are mostly covered in sharp spines.
                  | [demonic ancestry]
   614 | D:1      | Reached XP level 3. HP: 21/29 MP: 5/5
   955 | D:2      | Gained mutation: You have large cloven feet. [demonic
                  | ancestry]
   955 | D:2      | Reached XP level 4. HP: 37/37 MP: 6/6
  1384 | D:2      | Found a glowing silver altar of Zin.
  1385 | D:2      | Noticed an angel
  1503 | D:2      | Reached ** piety under Lugonu
  1888 | D:3      | Noticed Grinder
  1897 | D:3      | Paralysed by Grinder for 7 turns
  1915 | D:3      | Killed Grinder
  1915 | D:3      | Reached skill level 1 in Stealth
  1915 | D:3      | Gained mutation: You have hoof-like feet. [demonic
                  | ancestry]
  1915 | D:3      | Reached XP level 5. HP: 16/42 MP: 7/7
  1915 | D:3      | Gained mutation: You are slightly more attuned to the
                  | shadows. [demonic ancestry]
  1915 | D:3      | Reached XP level 6. HP: 18/48 MP: 8/8
  2144 | D:3      | Noticed Robin
  2350 | D:3      | Killed Robin
  2369 | D:3      | Learned a level 1 spell: Magic Dart
  2739 | D:4      | Found a staircase to the Ecumenical Temple.
  2757 | Temple   | Entered the Ecumenical Temple
  2991 | D:4      | Found a sparkling altar of Nemelex Xobeh.
  3049 | D:4      | Found a shimmering altar of Xom.
  3070 | D:4      | Reached XP level 7. HP: 53/55 MP: 5/9
  3073 | D:4      | Reached *** piety under Lugonu
  3171 | D:4      | Found a stormy altar of Qazlal.
  3182 | D:4      | Found a glowing golden altar of the Shining One.
  3259 | D:4      | Found a basalt altar of Yredelemnul.
  3395 | D:4      | Found an iron altar of Okawaru.
  3409 | D:4      | Fell from the grace of Lugonu
  3409 | D:4      | Became a worshipper of Warmaster Okawaru
  3683 | D:5      | Entered Level 5 of the Dungeon
  3691 | D:5      | Learned a level 2 spell: Searing Ray
  3843 | D:5      | Noticed Edmund
  3884 | D:5      | Killed Edmund
  3884 | D:5      | Reached skill level 5 in Long Blades
  3884 | D:5      | Reached skill level 1 in Spellcasting
  3884 | D:5      | Reached skill level 1 in Conjurations
  4215 | D:5      | Got a crystal war axe
  4216 | D:5      | Identified the +8 war axe "Pyasuz" {antimagic, Fragile rC+
                  | rN+ MR+} (You found it on level 5 of the Dungeon)
  4238 | D:5      | Gained mutation: You have hooves in place of feet. [demonic
                  | ancestry]
  4238 | D:5      | Reached XP level 8. HP: 37/61 MP: 3/10
  4639 | D:5      | Got a shimmering rapier
  4651 | D:5      | Reached skill level 5 in Fighting
  4806 | D:5      | Noticed a wretched star
  4816 | D:5      | Killed a wretched star
  4839 | D:5      | Reached skill level 1 in Axes
  4920 | D:5      | Noticed a wretched star
  5103 | D:6      | Slain by a large abomination

Illustrated notes

Levels and vault maps discovered:
D:1:      minmay_arrival_three_doors, layout_basic, serial_corexii_hall,
          corexii_hall_statues_deadend, corexii_hall_statues_x, hex_medium,
          minmay_tromino_i4
D:2:      layout_basic, zin_angel
D:3:      layout_rooms, first_ration, minmay_between, uniq_robin, uniq_grinder
D:4:      layout_loops_ring, lemuel_crystal_altar, lemuel_round_altar,
          led_xom_imps, yredelemnul_altar_generic,
          amethyst_overflow_temple_binary, minmay_temple_entry_tees
D:5:      layout_basic, minmay_checkerbox, uniq_edmund
D:6:      layout_basic, bloody_makhleb, lemuel_doored_altar, uniq_duvessa,
          uniq_pikel
Temple:   jpeg_temple_alley_garden

Skill      XL: |  1  2  3  4  5  6  7  8 |
---------------+-------------------------+-----
Dodging        | 1 2 3 |  3.3
Invocations    | 3 |  3.0
Long Blades    | 2 4 5 |  5.7
Armour         | 2 3 |  3.3
Fighting       | 4 5 |  5.0
Stealth        | 1 2 |  2.4
Spellcasting   | 1 |  1.2
Conjurations   | 1 |  1.2
Axes           | 1 |  1.1

Action                   |  1- 3 |  4- 6 |  7- 9 || total
-------------------------+-------+-------+-------++-------
Melee: Falchion          |    77 |   121 |    84 ||   282
       Kick              |       |    31 |    45 ||    76
       War axe           |       |       |    43 ||    43
 Cast: Magic Dart        |       |    13 |     4 ||    17
       Searing Ray       |       |       |     1 ||     1
Invok: Depart the Abyss  |     1 |       |       ||     1
  Use: Scroll            |     7 |     4 |       ||    11
       Potion            |       |       |     1 ||     1
 Stab: Sleeping          |       |     3 |     2 ||     5
  Eat: Ration            |       |     3 |     2 ||     5
Armor: Leather armour    |    30 |    53 |    37 ||   120
Dodge: Dodged            |    53 |    61 |    60 ||   174
       Rpst.: Falchion   |    16 |    13 |    12 ||    41

Table legend:
 A = Non-vault XP
 B = Vault XP
 C = Vault XP percentage of total XP
 D = Non-vault monster count
 E = Vault monster count
 F = Vault count percentage of total count
                 A         B        C        D         E       F
            +---------+---------+-------+---------+---------+-------
      Total |     967 |     680 |  41.3 |     110 |      25 |  18.5
            +---------+---------+-------+---------+---------+-------
        D:1 |      42 |       3 |   6.7 |      26 |       2 |   7.1
        D:2 |     165 |       0 |   0.0 |      23 |       0 |   0.0
        D:3 |      79 |     315 |  79.9 |      27 |      16 |  37.2
        D:4 |     150 |     150 |  50.0 |      13 |       3 |  18.8
        D:5 |     531 |     212 |  28.5 |      21 |       4 |  16.0
            +---------+---------+-------+---------+---------+-------
